 Dungeon Crawl Stone Soup version 0.27-a0-1591-gc56fcc985a (webtiles) character file.

Game seed: 17574638321344605524

42 Anon1729 the Skirmisher (level 3, -1/33 HPs)
             Began as a Minotaur Monk on July 19, 2021.
             Slain by an adder (2 damage)
             ... on level 2 of the Dungeon.
             The game lasted 00:01:25 (1189 turns).

Anon1729 the Skirmisher (Minotaur Monk)             Turns: 1189, Time: 00:01:26

Health: -1/33      AC:  2    Str: 16    XL:     3   Next: 33%
Magic:  2/2        EV: 13    Int:  7    God:
Gold:   16         SH:  0    Dex: 12    Spells: 2/2 levels left

rFire    . . .     SeeInvis .   a - +0 mace
rCold    . . .     Faith    .   (no shield)
rNeg     . . .     Spirit   .   b - +0 robe
rPois    .         Reflect  .   (helmet restricted)
rElec    .         Harm     .   (no cloak)
rCorr    .         Rampage  .   (no gloves)
Will     .....                  (no boots)
Stlth    ++........             (no amulet)
HPRegen  0.11/turn              (no ring)
MPRegen  0.08/turn              (no ring)

@: lethally poisoned (-1 -> -8)
A: horns 2, retaliatory headbutt
a: no special abilities


You were on level 2 of the Dungeon.
You visited 1 branch of the dungeon, and saw 2 of its levels.

You collected 16 gold pieces.

Inventory:

Hand Weapons
 a - a +0 mace (weapon)
Armour
 b - a +0 robe (worn)
Scrolls
 c - a scroll of acquirement {unknown}
 d - a scroll of amnesia {unknown}
 e - 2 scrolls of identify {unknown}


   Skills:
 + Level 4.1 Fighting
 - Level 4.0 Maces & Flails
 + Level 1.1 Armour
 + Level 3.8 Dodging
 - Level 2.0 Stealth


You had 2 spell levels left.
You didn't know any spells.
Your spell library contained the following spells:

 Spells                   Type           Power      Damage    Failure   Level
 Shock                    Conj/Air       0%         1d3       43%         1
 Swiftness                Air            0%         N/A       80%         3
 Airstrike                Air            0%         N/A       99%         4


Dungeon Overview and Level Annotations

Branches:
Dungeon (2/15)

Altars:


Innate Abilities, Weirdness & Mutations

You have a pair of horns on your head.
You reflexively headbutt those who attack you in melee.


Message History

You miss the goblin. You headbutt the goblin.
The goblin is moderately wounded.
The goblin hits you with a +0 dagger.
You hit the goblin.
You kill the goblin!
The quokka bites you.
An adder comes into view.
The quokka bites you.
You hit the quokka but do no damage. The quokka closely misses you.
You barely miss the quokka. The quokka bites you.
You closely miss the quokka. The quokka closely misses you.
The kobold closely misses you. The quokka bites you.
You hit the quokka.
You kill the quokka!
A quokka comes into view.
The kobold hits you with a +0 club. The adder barely misses you.
You are too injured to fight recklessly!
You are too injured to fight recklessly!
You are too injured to fight recklessly!
You are too injured to fight recklessly!
You are too injured to fight recklessly!
You hit the adder but do no damage. The adder bites you.
You are poisoned.
The adder poisons you! The adder bites you but does no damage.
You closely miss the adder.
You feel sick. The adder bites you.
* * * LOW HITPOINT WARNING * * *
The adder bites you but does no damage.
You barely miss the adder. Your headbutt misses the adder.
You feel sick. The adder bites you.
* * * LOW HITPOINT WARNING * * *
You are lethally poisoned!
The adder poisons you!
You aren't carrying any potions.
You hit the adder.
The adder is lightly wounded.
* * * LOW HITPOINT WARNING * * *
You feel very sick. The adder completely misses you. You furiously retaliate!
You headbutt the adder. The adder bites you.
You die...

#...................# #
#................†..# #
.#.....)...##........###
...........†.........'..
#.......[##........###
#........###########
#####.#### #.# #@# #S#
......†Kg.#
.............
...............
...............
...#.....:.....
...#........... ..
###........#


You could see an adder, a goblin and a kobold.

Vanquished Creatures
  An adder (D:2)
  A dart slug (D:1)
  A bat (D:1)
  2 endoplasms (D:1)
  A giant cockroach (D:1)
  2 goblins
  4 hobgoblins (D:1)
  6 jackals (D:1)
  2 kobolds (D:1)
  2 quokkas
  3 rats
25 creatures vanquished.

Notes
Turn   | Place    | Note
-------+----------+-------------------------------------------
     0 | D:1      | Anon1729 the Minotaur Monk began the quest for the Orb.
     0 | D:1      | Reached XP level 1. HP: 19/19 MP: 0/0
   153 | D:1      | Reached XP level 2. HP: 27/27 MP: 1/1
  1119 | D:2      | Reached XP level 3. HP: 32/33 MP: 2/2
  1138 | D:2      | Reached skill level 1 in Armour
  1189 | D:2      | HP: 1/33 [poisoned by an adder]
  1189 | D:2      | Slain by an adder

Illustrated notes

Levels and vault maps discovered:
D:1:      tarquinn_simple_flora_water_e, layout_loops_corners
D:2:      layout_basic, uniq_robin

Skill      XL: |  1  2  3 |
---------------+----------+-----
Maces & Flails | 4 |  4.0
Stealth        | 2 |  2.0
Fighting       | 4 |  4.1
Armour         | 1 |  1.1
Dodging        | |  3.8

Action                   || total
-------------------------++-------
Melee: Mace              ||    56
       Headbutt          ||     8
 Stab: Sleeping          ||     7
Armor: Robe              ||     9
Dodge: Dodged            ||    31

Table legend: (Time is in decaauts)
 A = Elapsed time spent in this place.
 B = Non-inter-level travel time spent in this place.
 C = Inter-level travel time spent in this place.
 D = Time resting spent in this place.
 E = Time spent auto-exploring this place.
 F = Levels seen in this place.
 G = Mean time per level.
                   A        B        C        D        E       F      G
               +--------+--------+--------+--------+--------+-----+--------+
         Total |   1199 |   1178 |     21 |      0 |   1028 |   2 |  599.5 |
       Dungeon |   1199 |   1178 |     21 |      0 |   1028 |   2 |  599.5 |
               +--------+--------+--------+--------+--------+-----+--------+

Top non-repeatable levels by time:
     D:1: 1107 daAuts
     D:2: 92 daAuts
